AoeStats
← RAMIRO MARRA

Golden Pit

509795033Analyzed
1v1 RM · 4d ago on Sep 28, 2026· 53m 48s· 2 players
Game mode
Random Map
Map size
Tiny (2 player)
Population
200
Speed
Normal
Resources
Standard
Victory
Conquest
Starting age
Dark Age
Ending age
Imperial Age
RankedLock teamsTeams togetherTeam positionsShared explorationLock speedFull tech treeHidden civsTurbo modeCheats
Victory
Defeat
🇦🇷 Portuguese · Argentina
987
+16
🇻🇳 Britons · Vietnam
983
-16
Duck Baby
3:10 Loom
12:55 Feudal Age
17:42 Castle Age
19:54 Fletching
23:35 Double-Bit Axe
23:42 Stone Mining
23:44 Gold Mining
25:15 Horse Collar
26:25 Wheelbarrow
27:10 Bow Saw
27:48 Bodkin Arrow
28:12 Padded Archer Armor
28:59 Forging
29:38 Town Watch
32:29 Murder Holes
32:55 Ballistics
35:21 Imperial Age
34:55 Coinage
34:09 Elite Skirmisher
36:20 Iron Casting
36:05 Leather Archer Armor
38:33 Chemistry
42:06 Pikeman
45:40 Squires
48:55 Two-Man Saw
48:33 Halberdier
49:15 Scale Mail Armor
50:16 Blast Furnace
RAMIRO MARRA
5:57 Loom
8:55 Feudal Age
10:22 Double-Bit Axe
11:02 Town Watch
14:16 Horse Collar
19:14 Castle Age
19:40 Stone Mining
19:41 Gold Mining
21:11 Wheelbarrow
20:48 Bow Saw
20:42 Heavy Plow
23:41 Hand Cart
23:26 Town Patrol
23:11 Light Cavalry
24:42 Bloodlines
29:29 Scale Barding Armor
29:35 Forging
33:41 Iron Casting
33:27 Chain Barding Armor
41:31 Imperial Age
43:49 Cavalier
44:29 Husbandry
46:03 Chemistry
45:23 Ballistics
44:36 Elite Organ Gun
46:47 Conscription
47:19 Coinage
46:26 Sappers
46:59 Arquebus
50:13 Town Patrol
Connection lost

Rejoining the realm…

Still unreachable

The connection could not be restored.

Session expired

The server has moved on; the page needs a fresh start.